 Dungeon Crawl Stone Soup version 0.22-a0-265-g0d8bc90 (webtiles) character file.

3222 Klosterheim the Geomancer (level 10, -6/70 HPs)
             Began as a Formicid Earth Elementalist on Mar 7, 2018.
             Was a Follower of Ashenzari.
             Mangled by braks's ghost (32 damage)
             ... on level 7 of the Dungeon.
             The game lasted 00:23:28 (11469 turns).

Klosterheim the Geomancer (FoEE)                   Turns: 11469, Time: 00:23:29

Health: -6/70      AC:  5    Str: 14    XL:     10   Next: 18%
Magic:  1/18       EV: 12    Int: 20    God:    Ashenzari [*.....]
Gold:   263        SH:  0    Dex: 11    Spells: 10/20 levels left

rFire    . . .     SeeInvis +   r - +4 dagger (curse)
rCold    . . .     Gourm    .   (no shield)
rNeg     + . .     Faith    .   c - +0 robe
rPois    .         Spirit   .   (helmet unavailable)
rElec    .         Reflect  .   y - +0 cloak
rCorr    .         Harm     .   (no gloves)
MR       +....                  g - +1 pair of boots
Stlth    +++.......             (no amulet)
HPRegen  0.21/turn              o - +3 ring of intelligence (curse)
MPRegen  0.16/turn              s - ring of positive energy

@: no status effects
A: permanent stasis, dig shafts and tunnels, four strong arms, antennae 3
a: Dig, Shaft Self, Curse Item, Scrying, Renounce Religion


You were on level 7 of the Dungeon.
You worshipped Ashenzari.
Ashenzari was aware of your devotion.
You were hungry.

You visited 2 branches of the dungeon, and saw 8 of its levels.

You collected 459 gold pieces.
You spent 196 gold pieces at shops.

Inventory:

Hand Weapons
 r - a cursed +4 dagger (weapon)
Missiles
 b - 181 stones (quivered)
 h - a throwing net
Armour
 c - a +0 robe (worn)
 g - a +1 pair of boots (worn)
 y - a +0 cloak (worn)
Jewellery
 o - a cursed +3 ring of intelligence (left hand)
 s - a ring of positive energy (right hand)
Scrolls
 a - a scroll of magic mapping
 e - 3 scrolls of identify
 i - 2 scrolls of amnesia
 k - a scroll of enchant armour
 x - a scroll of fear
Potions
 j - 4 potions of magic
 l - 2 potions of heal wounds
 m - 2 potions of curing
 n - a potion of mutation
 p - a potion of agility
 q - a potion of might
 t - 2 potions of brilliance
 z - a potion of flight
Comestibles
 d - 14 rations


   Skills:
 - Level 3.2 Fighting
 + Level 4.1 Short Blades
 - Level 2.0 Dodging
 + Level 7.1 Stealth
 + Level 5.7 Spellcasting
 + Level 4.3 Conjurations
 - Level 5.0 Transmutations
 * Level 9.5 Earth Magic


You had 10 spell levels left.
You knew the following spells:

 Your Spells              Type           Power        Failure   Level  Hunger
a - Sandblast             Erth           #####.       1%          1    None
b - Passwall              Tmut/Erth      ####......   1%          2    None
c - Stone Arrow           Conj/Erth      ####..       1%          3    ##.....
d - Petrify               Tmut/Erth      ####....     5%          4    ####...


Dungeon Overview and Level Annotations

Branches:
Dungeon (7/15)             Temple (1/1) D:5

Altars:
Ashenzari
Cheibriados
Elyvilon
Fedhas
Kikubaaqudgha
Nemelex Xobeh
Okawaru
Qazlal
Ru
Sif Muna
Trog
Vehumet
Wu Jian
Yredelemnul
The Shining One

Shops:
D:6 !

Annotations:
D:7 braks's ghost, novice TrMo


Innate Abilities, Weirdness & Mutations

You cannot be hasted, slowed, berserked, paralysed or teleported.
You can dig through walls and to a lower floor.
Your four strong arms can wield two-handed weapons with a shield.
You have a pair of large antennae on your head. (SInv)


Message History

The stone arrow hits braks's ghost.
Braks's ghost is severely damaged.
Braks's ghost hits you! Braks's ghost freezes you.
Casting: Stone Arrow (safe; 1% risk of failure)
Confirm with . or Enter, or press ? or * to list all spells.
Aiming: Stone Arrow (safe; 1% risk of failure)
Press: ? - help, Shift-Dir - straight line, f/p - braks's ghost
Aim: braks's ghost, wielding a weapon of freezing (severely damaged)
The stone arrow hits braks's ghost.
Braks's ghost is severely damaged.
Braks's ghost hits you! Braks's ghost freezes you.
Casting: Stone Arrow (safe; 1% risk of failure)
Confirm with . or Enter, or press ? or * to list all spells.
Aiming: Stone Arrow (safe; 1% risk of failure)
Press: ? - help, Shift-Dir - straight line, f/p - braks's ghost
Aim: braks's ghost, wielding a weapon of freezing (severely damaged)
The stone arrow hits braks's ghost.
Braks's ghost is almost destroyed.
Braks's ghost hits you!!
You die...

{ ###### #...# {#)...#
###.## { { ####.# #..##
{ #.##.# ##..# #....###
##.# #######..h.# #.#
....Wh...#.### #.##
##########...######..##
###..hW@.....#
########..(# ##..# ####


You could see a hound and braks's ghost.

Vanquished Creatures
  Pikel (D:5)
  2 hippogriffs (D:7)
  Sigmund (D:5)
  An ice beast (D:7)
  5 ogres
  3 phantoms
  3 centaurs
  A big kobold (D:7)
  A bullfrog (D:7)
  3 howler monkeys
  2 crimson imps (D:5)
  3 hounds (D:4)
  3 orc priests
  A bullfrog skeleton (D:5)
  A centaur skeleton (D:5)
  Ijyb (D:3)
  6 worker ants
  3 orc wizards
  A hound zombie (D:5)
  A hound skeleton (D:6)
  2 worker ant zombies
  9 gnolls
  16 adders
  An ooze (D:4)
  An adder skeleton (D:4)
  A worm (D:4)
  4 dart slugs
  7 leopard geckos
  24 orcs
  A ball python (D:3)
  7 giant cockroaches
  18 goblins
  5 hobgoblins
  8 jackals
  2 quokkas
  7 bats
  8 frilled lizards
  A jackal zombie (D:5)
  11 kobolds
  5 rats
181 creatures vanquished.

Vanquished Creatures (others)
  An orc wizard (D:3)
1 creature vanquished.

Grand Total: 182 creatures vanquished

Notes
Turn   | Place    | Note
-------+----------+-------------------------------------------
     0 | D:1      | Klosterheim the Formicid Earth Elementalist began the quest for the Orb.
     0 | D:1      | Reached XP level 1. HP: 13/13 MP: 3/3
    66 | D:1      | Reached XP level 2. HP: 3/19 MP: 0/5
   366 | D:1      | Reached skill level 4 in Earth Magic
   565 | D:1      | Learned a level 2 spell: Passwall
   972 | D:2      | Reached XP level 3. HP: 4/24 MP: 0/6
  1294 | D:2      | Learned a level 3 spell: Stone Arrow
  1431 | D:2      | Found an ornate altar of the Wu Jian Council.
  1754 | D:2      | Reached XP level 4. HP: 20/30 MP: 5/8
  2753 | D:2      | Reached XP level 5. HP: 27/35 MP: 2/9
  3497 | D:2      | Reached skill level 1 in Conjurations
  3497 | D:2      | Reached skill level 5 in Earth Magic
  3740 | D:2      | Found an ornate altar of the Wu Jian Council.
  4670 | D:3      | Reached XP level 6. HP: 34/41 MP: 10/10
  4733 | D:3      | Found an iron altar of Okawaru.
  5162 | D:3      | Noticed a phantom
  5379 | D:3      | Killed a phantom
  5892 | D:3      | Noticed Ijyb
  5916 | D:3      | Killed Ijyb
  5916 | D:3      | Reached skill level 6 in Earth Magic
  5916 | D:3      | Reached XP level 7. HP: 19/46 MP: 5/12
  6965 | D:4      | Learned a level 4 spell: Petrify
  7014 | D:4      | Reached skill level 1 in Short Blades
  7247 | D:4      | Reached skill level 1 in Fighting
  7361 | D:4      | Reached XP level 8. HP: 52/54 MP: 7/14
  7452 | D:5      | Entered Level 5 of the Dungeon
  7530 | D:5      | Reached skill level 5 in Stealth
  7848 | D:5      | Reached skill level 7 in Earth Magic
  8548 | D:5      | Found a staircase to the Ecumenical Temple.
  8559 | Temple   | Entered the Ecumenical Temple
  8744 | Temple   | Became a worshipper of Ashenzari the Shackled
  8917 | D:5      | Noticed Sigmund
  8923 | D:5      | Killed Sigmund
  8923 | D:5      | Reached XP level 9. HP: 62/62 MP: 14/16
  9080 | D:5      | Noticed Pikel
  9103 | D:5      | Reached skill level 8 in Earth Magic
  9195 | D:5      | Killed Pikel
  9195 | D:5      | Reached skill level 5 in Spellcasting
  9342 | D:5      | Found a white marble altar of Elyvilon.
  9786 | D:6      | Found Helines's Distillery.
  9789 | D:6      | Bought a potion of degeneration for 14 gold pieces
  9789 | D:6      | Bought 2 potions of heal wounds for 140 gold pieces
  9789 | D:6      | Bought a potion of curing for 42 gold pieces
  9986 | D:6      | Reached * piety under Ashenzari
 10162 | D:6      | Found a deep blue altar of Sif Muna.
 10499 | D:7      | Noticed a hippogriff
 10545 | D:7      | Killed a hippogriff
 10545 | D:7      | Reached skill level 9 in Earth Magic
 10564 | D:7      | Noticed a hippogriff
 10574 | D:7      | Reached skill level 5 in Transmutations
 10694 | D:7      | Killed a hippogriff
 10694 | D:7      | Reached XP level 10. HP: 31/70 MP: 9/18
 11343 | D:7      | Noticed braks's ghost (novice TrMo)
 11469 | D:7      | Mangled by braks's ghost

Vault maps used:
D:1:      lightli_iron_boxes, columned_hall_lemuel, due_unseen_surprise
D:2:      lemuel_round_altar, hangedman_decor_riveting, cheibrodos_gnoll_hut
D:3:      kennysheep_goblin_castle, serial_glass, glass_columns_a,
          glass_columns_c, glass_columns_a, glass_columns_b,
          okawaru_metal_pillars_1_2
D:4:      first_ration
D:5:      lemuel_crystal_altar, minmay_temple_entry_fiery,
          minmay_joined_circles, uniq_sigmund, uniq_pikel
D:6:      led_sif_pool, serial_shops, kennysheep_mini
D:7:      regret_index_temple_of_mockery, grunt_ogre_cave, uniq_menkaure
Temple:   grunt_temple_mini_profane

Skill      XL: |  1  2  3  4  5  6  7  8  9 10 |
---------------+-------------------------------+-----
Earth Magic    | 4 5 6 7 9 |  9.5
Stealth        | 3 4 5 6 7 |  7.1
Spellcasting   | 3 4 5 |  5.7
Conjurations   | 1 2 3 4 |  4.3
Transmutations | 2 3 4 5 |  5.0
Dodging        | 2 |  2.0
Short Blades   | 1 2 3 4 |  4.1
Fighting       | 1 2 3 |  3.2

Action                   |  1- 3 |  4- 6 |  7- 9 | 10-12 || total
-------------------------+-------+-------+-------+-------++-------
Melee: Unarmed           |    70 |       |       |       ||    70
       Dagger            |    39 |   226 |   270 |    33 ||   568
       Short sword       |       |    15 |       |       ||    15
 Cast: Sandblast         |    18 |    30 |    58 |     2 ||   108
       Stone Arrow       |       |     8 |    33 |    16 ||    57
       Passwall          |       |     5 |     1 |       ||     6
       Petrify           |       |       |     7 |     2 ||     9
Invok: Curse Item        |       |       |     2 |       ||     2
 Abil: Dig               |       |     2 |       |       ||     2
Evoke: Wand              |       |       |     4 |     2 ||     6
  Use: Scroll            |       |     3 |    14 |       ||    17
       Potion            |       |       |     2 |       ||     2
 Stab: Sleeping          |     4 |    10 |     9 |       ||    23
       Distracted        |       |       |     2 |       ||     2
       Paralysed         |       |       |     3 |       ||     3
       Petrified         |       |       |     9 |       ||     9
  Eat: Chunk             |     3 |    11 |    15 |     3 ||    32
       Ration            |       |     1 |     1 |       ||     2
Armor: Robe              |    21 |    44 |    53 |     6 ||   124
Dodge: Dodged            |   107 |   165 |   145 |    23 ||   440

Table legend:
 A = Spawn XP
 B = Non-spawn XP
 C = Spawn XP percentage of total XP
 D = Spawn monster count
 E = Non-spawn monster count
 F = Spawn count percentage of total count
 G = Total turns spent on level
                    A         B        C        D         E        F      G
               +---------+---------+-------+---------+---------+-------+---------
         Total |       0 |    4603 |   0.0 |       0 |     182 |   0.0 | 11469
               +---------+---------+-------+---------+---------+-------+---------
           D:1 |       0 |      19 |   0.0 |       0 |      10 |   0.0 |  1238
           D:2 |       0 |     212 |   0.0 |       0 |      44 |   0.0 |  3226
           D:3 |       0 |     313 |   0.0 |       0 |      38 |   0.0 |  1807
           D:4 |       0 |     597 |   0.0 |       0 |      28 |   0.0 |  1385
           D:5 |       0 |    1842 |   0.0 |       0 |      31 |   0.0 |  1564
           D:6 |       0 |     291 |   0.0 |       0 |      14 |   0.0 |   809
           D:7 |       0 |    1329 |   0.0 |       0 |      17 |   0.0 |  1222
               +---------+---------+-------+---------+---------+-------+---------
